 Dungeon Crawl Stone Soup version 0.29.1-15-g9cfb28693d (webtiles) character file.

Game seed: 10459807219536556026

640 Cape the Cleaver (level 7, -2/64 HPs)
             Began as a Hill Orc Monk on Feb 22, 2023.
             Succumbed to a gnoll sergeant's poison
             ... on level 4 of the Dungeon.
             The game lasted 00:10:50 (4209 turns).

Cape the Cleaver (Hill Orc Monk)                    Turns: 4209, Time: 00:10:50

Health: -2/64      AC: 12    Str: 21 (22) XL:     7   Next: 51%
Magic:  7/7        EV: 10    Int:  8 (10) God:
Gold:   206        SH:  0    Dex: 10 (13) Spells: 6/6 levels left

rFire   . . .      SeeInvis .   a - +1 hand axe
rCold   . . .      Faith    .   (no shield)
rNeg    . . .      Spirit   .   q - +4 scale mail
rPois   .          Reflect  .   e - +0 helmet
rElec   .          Harm     .   (no cloak)
rCorr   .          Rampage  .   (no gloves)
Will    .....                   (no boots)
Stlth   ..........              (no amulet)
HPRegen 0.20/turn               k - +6 ring of strength
MPRegen 0.10/turn               (no ring)

@: lethally poisoned (-2 -> -20)
A: no striking features
a: no special abilities


You were on level 4 of the Dungeon.
You visited 1 branch of the dungeon, and saw 4 of its levels.

You collected 206 gold pieces.

Inventory:

Hand Weapons
 a - a +1 hand axe (weapon)
Missiles
 f - 7 boomerangs (quivered)
Armour
 e - a +0 helmet (worn)
 q - a +4 scale mail (worn)
Jewellery
 k - a +6 ring of strength (left hand)
Scrolls
 b - 2 scrolls of enchant weapon
 c - 2 scrolls of identify
 h - a scroll of amnesia
 m - a scroll of blinking {unknown}
 p - a scroll of teleportation {unknown}
 r - 3 scrolls of fear
Potions
 g - a potion of might
 i - a potion of mutation {unknown}
 j - a potion of lignification {unknown}
 o - a potion of heal wounds {unknown}


   Skills:
 + Level 6.5 Fighting
 * Level 8.4 Axes
 + Level 3.2 Armour
 - Level 2.4 Dodging
 - Level 1.5 Stealth


You had 6 spell levels left.
You didn't know any spells.
Your spell library was empty.

Dungeon Overview and Level Annotations

Branches:
Dungeon (4/15)
 Temple: D:4-7

Altars:
Cheibriados
Makhleb
Okawaru
Yredelemnul


Message History

The gnoll sergeant hits you with a +0 spear of venom!
You are more poisoned.
The gnoll closely misses you.
Things that are here:
a +0 flail; a +0 ring mail; a +2 flail of protection The gnoll attacks as you move away!
The gnoll misses you.
* * * LOW HITPOINT WARNING * * *
You feel very sick.
The gnoll sergeant hits you but does no damage.
You are lethally poisoned!
You feel better.
The gnoll sergeant hits you but does no damage.
The gnoll closely misses you.
The howler monkey hoots and howls with incredible vigour!
You hit the gnoll.
The gnoll is moderately wounded.
The gnoll sergeant hits you but does no damage.
You are poisoned.
The gnoll hits you but does no damage.
You barely miss the gnoll.
The gnoll is moderately wounded.
You feel sick.
The gnoll sergeant hits you from afar with a +0 spear of venom.
The gnoll hits you with a +0 flail of protection.
* * * LOW HITPOINT WARNING * * *
You hit the gnoll.
The gnoll is almost dead.
The gnoll sergeant hits you but does no damage.
The gnoll hits you with a +0 flail of protection!
* * * LOW HITPOINT WARNING * * *
You slash the gnoll!
You kill the gnoll!
You feel sick.
The gnoll sergeant hits you from afar with a +0 spear of venom.
* * * LOW HITPOINT WARNING * * *
You are more poisoned.
It was a potion of degeneration.
There was something very wrong with that liquid.
You feel weakened.
You feel dopey.
You feel clumsy.
You die...

####.....#.#
####....#
####.# #.#
#.# #.##
##.# #.# #@#
#g# #.g....#
#gh......
##.......
.......
.......
.#.....
###....


You could see a gnoll sergeant, a howler monkey and 2 gnolls.

Vanquished Creatures
  Sigmund (D:3)
  The ghost of EarthwalkerPL the Covered, an amateur MiFi (D:3)
  A phantom (D:4)
  A necrophage (D:3)
  2 hounds (D:4)
  An iguana (D:4)
  Robin (D:2)
  3 gnolls (D:4)
  4 adders (D:2)
  An ufetubus (D:4)
  2 worms
  A dart slug (D:3)
  6 orcs
  7 endoplasms
  11 giant cockroaches
  3 hobgoblins
  A jackal (D:3)
  7 ball pythons
  4 bats
  7 frilled lizards
  12 goblins
  7 kobolds
  4 rats
88 creatures vanquished.

Notes
Turn   | Place    | Note
-------+----------+-------------------------------------------
     0 | D:1      | Cape the Hill Orc Monk began the quest for the Orb.
     0 | D:1      | Reached XP level 1. HP: 19/19 MP: 1/1
   286 | D:1      | Reached XP level 2. HP: 27/27 MP: 2/2
  1302 | D:2      | Reached XP level 3. HP: 34/34 MP: 3/3
  1500 | D:2      | Reached skill level 5 in Axes
  1591 | D:2      | Noticed Robin
  1599 | D:2      | Reached XP level 4. HP: 23/41 MP: 4/4
  1607 | D:2      | Killed Robin
  1611 | D:2      | Reached skill level 5 in Fighting
  2197 | D:3      | Found a transporter.
  2244 | D:3      | Found a basalt altar of Yredelemnul.
  2398 | D:3      | Found a faded altar of an unknown god.
  2416 | D:3      | Found a burning altar of Makhleb.
  2567 | D:3      | Found an iron altar of Okawaru.
  2655 | D:3      | Noticed a necrophage
  2656 | D:3      | Noticed EarthwalkerPL's ghost (amateur MiFi)
  2767 | D:3      | Noticed Sigmund
  2807 | D:3      | HP: 2/42 [something (8)]
  2832 | D:3      | Killed Sigmund
  2833 | D:3      | Reached skill level 6 in Axes
  2833 | D:3      | Reached XP level 5. HP: 10/50 MP: 5/5
  2833 | D:3      | Reached XP level 6. HP: 12/57 MP: 6/6
  3083 | D:3      | Found a transporter.
  3206 | D:3      | Reached skill level 7 in Axes
  3407 | D:3      | Killed EarthwalkerPL's ghost
  3658 | D:3      | Reached XP level 7. HP: 54/63 MP: 7/7
  4010 | D:4      | Identified the +0 robe of the Bull {rC+ MP+9}
  4059 | D:4      | Found a snail-covered altar of Cheibriados.
  4122 | D:4      | Reached skill level 8 in Axes
  4208 | D:4      | HP: 2/64 [gnoll sergeant/+0 spear of venom (6)]
  4209 | D:4      | Succumbed to a gnoll sergeant's poison

Illustrated notes

Levels and vault maps discovered:
D:1:      dpeg_arrival_rhombus, layout_basic
D:2:      layout_basic, amcnicky_mini_pool_small, uniq_robin
D:3:      minmay_roachtagon, layout_loops_cross, lemuel_doored_altar,
          mainiacjoe_overflow_alcove_1, mainiacjoe_overflow_catwalk,
          gammafunk_ghost_arena, dreamdust_ecumenical_altar_angels_and_demons,
          uniq_sigmund
D:4:      layout_cave_pods, mainiacjoe_overflow_alcove_4,
          cheibrodos_worm_habitat, serial_shops, nicolae_shop_behind_doors,
          minmay_fractal_squares_gapless_5, uniq_natasha

Skill      XL: |  1  2  3  4  5  6  7 |
---------------+----------------------+-----
Fighting       | 4 5 6 |  6.5
Axes           | 5 6 7 8 |  8.4
Armour         | 2 3 |  3.2
Dodging        | |  2.4
Stealth        | |  1.5

Action                   |  1- 3 |  4- 6 |  7- 9 || total
-------------------------+-------+-------+-------++-------
Melee: Hand axe          |    76 |   145 |    82 ||   303
       Punch             |       |     3 |     1 ||     4
Throw: Boomerang         |    12 |       |       ||    12
  Use: Scroll            |       |     3 |       ||     3
       Potion            |       |     3 |     2 ||     5
Armor: Scale mail        |    39 |    67 |    41 ||   147
Dodge: Dodged            |    30 |    80 |    45 ||   155
